 Dungeon Crawl Stone Soup version 0.24-a0-525-g9231cdcba1 (webtiles) character file.

Game seed: 14062441439860880317

53 Aggronaut the Ruffian (level 3, -1/36 HPs)
             Began as a Troll Monk on Aug 2, 2019.
             Killed by divine providence
             ... invoked by an orc priest
              (11 damage)
             ... on level 3 of the Dungeon.
             The game lasted 00:02:55 (782 turns).

Aggronaut the Ruffian (Troll Monk)                   Turns: 782, Time: 00:02:55

Health: -1/36      AC:  6    Str: 19    XL:     3   Next: 64%
Magic:  2/2        EV: 10    Int:  6    God:
Gold:   79         SH:  0    Dex: 13    Spells: 2/2 levels left

rFire    . . .     SeeInvis .     - Unarmed
rCold    . . .     Gourm    +   (no shield)
rNeg     . . .     Faith    .   a - +0 robe
rPois    .         Spirit   .   (helmet restricted)
rElec    .         Reflect  .   (no cloak)
rCorr    .         Harm     .   (gloves unavailable)
MR       .....                  (boots unavailable)
Stlth    ++........             (no amulet)
HPRegen  0.52/turn              (no ring)
MPRegen  0.08/turn              (no ring)

@: no status effects
A: large, unfitting armour, claws 3, fast metabolism 3, gourmand, regeneration
1, shaggy fur 1, tough skin 3
a: no special abilities


You were on level 3 of the Dungeon.
You were very full.

You visited 1 branch of the dungeon, and saw 4 of its levels.

You collected 79 gold pieces.

Inventory:

Armour
 a - a +0 robe (worn)
Jewellery
 d - an uncursed amulet of the gourmand {unknown}
Scrolls
 g - a scroll of enchant armour {unknown}
 i - a scroll of identify {unknown}
 k - a scroll of teleportation {unknown}
Potions
 c - a potion of curing {unknown}
 e - a potion of heal wounds {unknown}
 f - a potion of invisibility {unknown}
 h - a potion of haste {unknown}
 j - a potion of might {unknown}
Comestibles
 b - 5 rations
 l - 5 chunks of flesh


   Skills:
 - Level 2.4 Fighting
 - Level 2.4 Dodging
 - Level 1.0 Stealth
 + Level 4.7 Unarmed Combat


You had 2 spell levels left.
You didn't know any spells.
Your spell library was empty.

Dungeon Overview and Level Annotations

Branches:
Dungeon (4/15)
 Temple: D:4-7

Altars:
Zin


Innate Abilities, Weirdness & Mutations

You are too large for most types of armour.
You have claws for hands.
Your metabolism is lightning-fast.
You like to eat raw meat.
Your natural rate of healing is unusually fast.
You are covered in fur. (AC +1)
You have extremely tough skin. (AC +3)


Message History

l - 5 chunks of flesh (gained 1)
An orc comes into view. It is wielding a +0 dagger.
An orc priest comes into view. It is wielding a +0 flail.
The orc shouts!
The orc priest shouts!
You hear a shout! x4
The orc priest calls down the wrath of Beogh upon you.
You barely resist. The orc hits you.
The orc priest calls down the wrath of Beogh upon you.
Beogh smites you!
A goblin comes into view. It is wielding a +0 club.
The orc hits you but does no damage.
An orc comes into view. It is wielding a +0 club.
The orc priest hits you with a +0 flail!
* * * LOW HITPOINT WARNING * * *
You claw the orc priest!
The orc priest is almost dead.
The orc hits you but does no damage.
The orc priest mumbles some strange prayers to Beogh against you.
Beogh smites you!
You die...

#. #.# #.# #.###.#
#.# #.....# #.#
###.....###.####.#
...........>.....#
######.........##J.#
#...............<...
.###.o..)#####.#.(.
#o@..(+ ......
#oo...# .#.###
#g##### #... #.. ##
#.. #.. #.. #..


You could see an orc priest, 3 orcs and a goblin.

Vanquished Creatures
  An adder (D:4)
  2 worms
  A dart slug (D:1)
  An orc (D:3)
  A ball python (D:2)
  7 hobgoblins
  2 jackals (D:1)
  A quokka (D:4)
  A bat (D:2)
  3 frilled lizards
  8 goblins
  4 kobolds
  3 rats (D:1)
35 creatures vanquished.

Notes
Turn   | Place    | Note
-------+----------+-------------------------------------------
     0 | D:1      | Aggronaut the Troll Monk began the quest for the Orb.
     0 | D:1      | Reached XP level 1. HP: 22/22 MP: 0/0
   141 | D:1      | Reached XP level 2. HP: 29/29 MP: 1/1
   323 | D:1      | Reached skill level 4 in Unarmed Combat
   626 | D:2      | Reached XP level 3. HP: 36/36 MP: 2/2
   674 | D:2      | Found a glowing silver altar of Zin.
   748 | D:2      | You fall into a shaft and drop 2 floors!
   782 | D:3      | Killed from afar by an orc priest

Levels and vault maps discovered:
D:1:      minmay_arrival_semitransparent, layout_rooms, lemuel_old_faithful
D:2:      minmay_chambers_of_ones, layout_rooms, zin_academy,
          kennysheep_generic_room_15, uniq_terence
D:3:      layout_basic, nicolae_ru_path_of_blood, overflow_temple_1_default,
          first_ration
D:4:      layout_rooms, overflow_temple_1_default, minmay_temple_entry_ruins,
          serial_shops, shop_statue, uniq_eustachio

Skill      XL: |  1  2 |
---------------+-------+-----
Unarmed Combat | 4 |  4.7
Fighting       | |  2.4
Dodging        | |  2.4
Stealth        | |  1.0

Action                   || total
-------------------------++-------
Melee: Unarmed           ||    77
       Punch             ||     2
 Stab: Sleeping          ||     2
  Eat: Chunk             ||    12
Armor: Robe              ||    23
Dodge: Dodged            ||    39

Table legend:
 A = Non-vault XP
 B = Vault XP
 C = Vault XP percentage of total XP
 D = Non-vault monster count
 E = Vault monster count
 F = Vault count percentage of total count
                 A         B        C        D         E       F
            +---------+---------+-------+---------+---------+-------
      Total |      77 |       0 |   0.0 |      35 |       0 |   0.0
            +---------+---------+-------+---------+---------+-------
        D:1 |      31 |       0 |   0.0 |      19 |       0 |   0.0
        D:2 |      23 |       0 |   0.0 |      12 |       0 |   0.0
        D:3 |       8 |       0 |   0.0 |       2 |       0 |   0.0
        D:4 |      15 |       0 |   0.0 |       2 |       0 |   0.0
            +---------+---------+-------+---------+---------+-------
